Map: Abiogenesis LE

Players

Schmuuu - Winner!

  • Race: Zerg Zerg
  • League: Master
  • Spawn Location: 11:00

A.I. 1 (Elite)

  • Race: Protoss Protoss
  • Spawn Location: 5:00

VOD

Have the link to the VOD?

Description

Time

  • Played on: March 3, 2018, 1:28 p.m.
  • Length: 7:14
Show
View Real Time Build Order
Export as new Build Order

Schmuuu Zerg - Winner!

Build Orders: Hatch First 

Get SALT Encoding   

  12  0:00  Drone  
  13  0:12  Overlord  
  13  0:17  Drone  
  14  0:31  Drone x2  
  14  0:34  Drone  
  17  0:52  Hatchery  
  17  0:55  Drone  
  17  0:58  Drone  
  18  1:09  Extractor  
  17  1:13  Spawning Pool  
  17  1:16  Drone  
  17  1:20  Drone  
  18  1:28  Drone  
  19  1:40  Overlord  
  19  1:50  Drone  
  20  1:59  Queen  
  20  2:00  Zergling x2  
  23  2:03  Queen  
  23  2:05  Zergling x2  
  26  2:10  Metabolic Boost  
  26  2:11  Drone  
  27  2:16  Drone  
  28  2:23  Drone  
  28  2:29  Drone  
  30  2:32  Drone  
  30  2:36  Drone  
  32  2:42  Hatchery  
  31  2:44  Drone  
  31  2:50  Overlord  
  32  3:08  Drone x7  
  39  3:18  Drone x3  
  44  3:24  Queen  
  44  3:38  Overlord  
  44  3:41  Overlord  
  44  3:43  Spore Crawler  
  44  3:45  Spore Crawler  
  44  3:47  Queen  
  44  3:51  Extractor  
  44  3:52  Drone x2, Extractor  
  44  3:53  Overlord  
  44  3:58  Queen  
  46  4:03  Lair  
  46  4:05  Zergling x6  
  49  4:15  Drone x5  
  49  4:16  Drone  
  55  4:22  Queen  
  55  4:24  Drone x3  
  60  4:37  Drone, Roach Warren  
  60  4:40  Spore Crawler  
  59  4:48  Drone  
  60  4:53  Overlord  
  60  4:54  Overlord x2  
  60  4:55  Overlord  
  60  4:58  Queen  
  62  5:09  Nydus Network  
  61  5:17  Queen  
  61  5:20  Roach x6  
  61  5:21  Roach  
  77  5:37  Roach x6  
  89  5:52  Overlord, Roach x4  
  89  5:53  Overlord  
  97  6:06  Nydus Canal  
  97  6:10  Queen  
  94  6:37  Roach  
  94  6:38  Overlord, Roach x10  
  94  6:39  Overlord x2  
  128  7:09  Ravager  
  128  7:10  Ravager  
Show
View Real Time Build Order
Export as new Build Order

A.I. 1 (Elite) Protoss 

Build Orders: Colossus Rush 

Get SALT Encoding   

  12  0:00  Probe  
  13  0:13  Probe  
  14  0:19  Pylon  
  14  0:25  Probe  
  15  0:33  Probe  
  15  0:40  Gateway  
  15  0:41  Probe  
  16  0:48  Assimilator  
  17  0:50  Probe  
  18  0:59  Probe  
  18  1:00  Pylon  
  19  1:07  Probe  
  20  1:18  Probe  
  21  1:29  Zealot  
  21  1:30  Probe, Cybernetics Core  
  24  1:42  Probe  
  25  1:59  Probe  
  25  2:00  Warp Gate  
  25  2:01  Nexus  
  25  2:07  Probe  
  27  2:17  Stalker  
  27  2:19  Probe  
  30  2:27  Pylon  
  30  2:31  Probe  
  31  2:39  Gateway  
  31  2:43  Assimilator  
  31  2:45  Probe  
  31  2:49  Adept  
  34  2:58  Probe, Pylon  
  35  3:07  Adept  
  35  3:10  Probe  
  36  3:13  Probe  
  39  3:23  Probe  
  40  3:28  Robotics Facility  
  40  3:31  Adept  
  40  3:33  Probe  
  43  3:36  Probe  
  43  3:40  Adept  
  46  3:45  Probe  
  46  3:48  Probe  
  48  3:57  Probe  
  48  4:00  Probe  
  50  4:06  Adept  
  50  4:09  Probe  
  53  4:10  Probe  
  53  4:12  Adept  
  56  4:18  Probe  
  56  4:19  Pylon  
  56  4:20  Robotics Bay  
  56  4:22  Probe  
  56  4:23  Observer  
  59  4:28  Probe  
  60  4:32  Robotics Facility  
  60  4:37  Pylon  
  60  4:39  Stalker  
  62  4:48  Stalker, Probe  
  62  4:50  Probe  
  66  4:53  Pylon  
  66  4:59  Probe  
  66  5:12  Gateway  
  66  5:23  Zealot, Pylon  
  66  5:26  Colossus, Zealot  
  76  5:36  Pylon  
  76  5:37  Zealot  
  78  5:44  Probe x2  
  78  5:46  Assimilator  
  78  5:47  Twilight Council, Zealot  
  78  5:48  Assimilator  
  82  5:55  Stalker  
  84  6:04  Probe  
  84  6:08  Forge  
  84  6:10  Probe, Gateway  
  86  6:12  Nexus, Probe  
  85  6:19  Probe  
  85  6:22  Probe  
  81  6:27  Probe  
  81  6:28  Templar Archives  
  73  6:34  Probe  
  73  6:37  Probe  
  73  6:38  Zealot  
  42  6:56  Zealot  
  44  7:02  Zealot  
  44  7:04  High Templar  
  44  7:08  Zealot  
Tags
 
League
Master
Matchup
PvZ
Spawn Locations
Cross Positions
Add a new tag
Caveats
  • Supply blocks, unpowered buildings, or Contaminate may cause inaccurate times.
  • Supply counts are checked every 10 seconds.